 Dungeon Crawl Stone Soup version 0.31-a0-319-g4fced400ed (webtiles) character file.

Game seed: 5804569888341753027

35 Maratek the Chiller (level 3, -2/16 HPs)
             Began as a Vine Stalker Ice Elementalist on July 14, 2023.
             Slain by a worm (6 damage)
             ... on level 2 of the Dungeon on July 17, 2023.
             The game lasted 00:02:56 (791 turns).

Maratek the Chiller (Vine Stalker Ice Elementalist)  Turns: 791, Time: 00:02:57

Health: -2/16      AC:  2    Str: 10    XL:     3   Next: 33%
Magic:  0/7        EV: 12    Int: 17    God:
Gold:   13         SH:  0    Dex: 14    Spells: 5/6 levels left

rFire   . .          .
                       - Unarmed
rCold   . . .        (no shield)
rNeg    . . .        a - +0 robe
rPois   .            (no helmet)
rElec   .            (no cloak)
rCorr   .            (no gloves)
SInv    .            (no boots)
Will    .....        (no amulet)
Stlth   ++           (no ring)
HPRegen 0.22/turn    (no ring)
MPRegen 0.10/turn

%: guardian spirit
@: no status effects
A: fangs 2, magic shield, antimagic bite, no potion heal 2
a: no special abilities


You were on level 2 of the Dungeon.
You visited 1 branch of the dungeon, and saw 2 of its levels.

You collected 13 gold pieces.

Inventory:

Armour
 a - a +0 robe (worn)
Scrolls
 c - a scroll of enchant weapon {unknown}
Potions
 b - a potion of magic
 d - a potion of resistance {unknown}


   Skills:
 + Level 2.0 Dodging
 + Level 2.8 Stealth
 + Level 1.2 Unarmed Combat
 + Level 2.4 Spellcasting
 + Level 4.2 Ice Magic


You had 5 spell levels left.
You knew the following spells:

 Your Spells              Type           Power      Damage    Failure   Level
a - Freeze                Ice            64%        1d7       3%          1

Your spell library contained the following spells:

 Spells                   Type           Power      Damage    Failure   Level
 Frozen Ramparts          Ice            32%        1d5       10%         3
 Ozocubu's Armour         Ice            16%        N/A       10%         3
 Summon Ice Beast         Ice/Summ       9%         N/A       61%         4


Dungeon Overview and Level Annotations

Branches:
Dungeon (2/15)

Altars:


Innate Abilities, Weirdness & Mutations

You have extremely sharp teeth.
When hurt, damage is shared between your health and your magic reserves.
Your bite disrupts and absorbs the magic of your enemies.
Potions cannot restore your health.


Message History

The rat is heavily wounded.
The rat bites you but does no damage.
You completely miss the rat. You bite the rat.
You kill the rat!
You see here a rat corpse.
HP restored.
You now have 13 gold pieces (gained 8).
A bat and a rat come into view.
You see here a golden potion.
There are monsters nearby!
The bat misses you. The bat barely misses you. The rat misses you.
The bat barely misses you. The bat hits you but does no damage.
The rat closely misses you.
You hit the rat. You bite the rat.
You kill the rat!
The bat hits you. The bat misses you.
You see here a rat corpse.
The bat hits you. The bat completely misses you.
Found a stone staircase leading down.
The bat hits you but does no damage.
You closely miss the bat. You bite the bat.
You kill the bat!
You see here a bat corpse.
d - a golden potion
Found a dagger.
A worm comes into view.
Found a stone staircase leading up.
The worm bites you!
You hit the worm. You bite the worm, but do no damage.
The worm is lightly wounded.
You hit the worm.
The worm is moderately wounded.
The worm bites you!
* * * LOW HITPOINT WARNING * * *
You hit the worm but do no damage.
The worm is moderately wounded.
You barely miss the worm. Your bite misses the worm.
The worm is moderately wounded.
The worm bites you!
You die...

.........#..#
#.#..#......#
#.#.......#.#
#.#......... #
#.###...#.# .##.
#.##..>...#....#
######....#..........
#............@w......
#..........#.........
#.........##.........
#.†..†....##.........
#.........##.).......
#...................<
#..........#.........
#.........#..........
#####....####....


You could see a worm.

Vanquished Creatures
  2 dart slugs (D:1)
  3 giant cockroaches (D:1)
  A goblin (D:1)
  3 hobgoblins (D:1)
  3 jackals (D:1)
  A quokka (D:1)
  3 ball pythons (D:1)
  2 bats
  3 frilled lizards (D:1)
  3 kobolds
  5 rats
29 creatures vanquished.

Notes
Turn   | Place    | Note
-------+----------+-------------------------------------------
     0 | D:1      | Maratek the Vine Stalker Ice Elementalist began the quest
                  | for the Orb.
     0 | D:1      | Reached XP level 1. HP: 9/9 MP: 4/4
    64 | D:1      | Upgraded the game from 0.31-a0-271-gb88eb75e06 to
                  | 0.31-a0-319-g4fced400ed
    98 | D:1      | Reached XP level 2. HP: 5/13 MP: 3/6
   493 | D:1      | Reached skill level 1 in Unarmed Combat
   493 | D:1      | Reached XP level 3. HP: 15/16 MP: 5/7
   791 | D:2      | Slain by a worm

Illustrated notes

Levels and vault maps discovered:
D:1:      matt_arrival_spirals, layout_loops_cross, grunt_decor_one_mirror
D:2:      layout_rooms

Skill      XL: |  1  2  3 |
---------------+----------+-----
Unarmed Combat | 1 |  1.2
Dodging        | 2 |  2.0
Stealth        | |  2.8
Spellcasting   | |  2.4
Ice Magic      | |  4.2

Action                     || total
---------------------------++-------
  Melee: Unarmed           ||   120
         Bite              ||    35
         Punch             ||     4
   Cast: Freeze            ||     1
   Stab: Sleeping          ||     4
 Armour: Robe              ||    49
  Dodge: Dodged            ||   120

Table legend: (Time is in decaauts)
 A = Elapsed time spent in this place.
 B = Non-inter-level travel time spent in this place.
 C = Inter-level travel time spent in this place.
 D = Time resting spent in this place.
 E = Time spent auto-exploring this place.
 F = Levels seen in this place.
 G = Mean time per level.
                   A        B        C        D        E       F      G
               +--------+--------+--------+--------+--------+-----+--------+
         Total |    789 |    789 |      0 |      0 |    368 |   2 |  394.5 |
       Dungeon |    789 |    789 |      0 |      0 |    368 |   2 |  394.5 |
               +--------+--------+--------+--------+--------+-----+--------+

Top non-repeatable levels by time:
     D:1: 727 daAuts
     D:2: 62 daAuts
